 Dungeon Crawl Stone Soup version 0.18-a0-775-g4d9e04e (webtiles) character file.

74 Kolbur the Sneak (level 4, -2/26 HPs)
             Began as a Kobold Assassin on Dec 13, 2015.
             Slain by a human zombie (7 damage)
             ... on level 4 of the Dungeon.
             The game lasted 00:09:00 (717 turns).

Kolbur the Sneak (Kobold Assassin)                   Turns: 717, Time: 00:09:00

Health: -2/26      AC:  3    Str:  9    XL:     4   Next: 54%
Magic:  4/4        EV: 15    Int:  9    God:
Gold:   90         SH:  0    Dex: 18    Spells: 0 memorised, 3 levels left

rFire  . . .     SeeInvis .     l - +0 short sword (holy)
rCold  . . .     Clarity  .     c - +0 robe
rNeg   . . .     SustAt   .     (shield restricted)
rPois  .         Gourm    .     (no helmet)
rElec  .         Spirit   .     d - +0 cloak
rCorr  .         Dismiss  .     (no gloves)
rMut   .         Stasis   .     (no boots)
MR     .....                    (no amulet)
Stlth  ++++......               (no ring)
                                (no ring)

@: not resistant to hostile enchantments, stealthy
A: carnivore 3
a: no special abilities


You were on level 4 of the Dungeon.
You were not hungry.

You visited 1 branch of the dungeon, and saw 4 of its levels.

You collected 90 gold pieces.

Inventory:

Hand Weapons
 a - a +2 dagger
 b - a +0 blowgun
 l - a +0 short sword of holy wrath (weapon)
Missiles
 e - 14 poisoned needles
 f - 2 curare-tipped needles
 n - 3 stones (quivered)
Armour
 c - a +0 robe (worn)
 d - a +0 cloak (worn)
 o - a +0 ring mail
Scrolls
 h - a scroll of blinking {unknown}
 j - a scroll of fear {unknown}
 k - 2 scrolls of teleportation {unknown}
 m - 3 scrolls of random uselessness {unknown}
 p - 2 scrolls of identify {unknown}
 r - a scroll of remove curse {unknown}
 s - a scroll of magic mapping {unknown}
Potions
 q - a potion of brilliance {unknown}
Comestibles
 g - a meat ration
 i - a beef jerky
 t - a slice of pizza


   Skills:
 - Level 2.1 Fighting
 + Level 3.7 Short Blades
 - Level 2.1 Throwing
 - Level 2.0 Dodging
 + Level 7.0 Stealth


You had 3 spell levels left.
You didn't know any spells.

Dungeon Overview and Level Annotations

Branches:
Dungeon (4/15)
 Temple: D:4-7

Altars:

Portals:
Ossuary: D:4

Annotations:
D:2 Terence


Innate Abilities, Weirdness & Mutations

You are small and have problems with some larger weapons.
You are carnivorous and can eat meat at any time.


Message History

You hit the human zombie.
The human zombie convulses.
You hit the human zombie but do no damage.
The human zombie barely misses you.
You hit the human zombie.
The human zombie convulses.
The human zombie hits you.
* * * LOW HITPOINT WARNING * * *
Unknown command.
You hear the hiss of an avalanche of sand nearby.
Throwing (i - inventory):
n - 5 stones (quivered)
Press: ? - help, Shift-Dir - straight line, f - human zombie
Aim: a human zombie You throw a stone.
The stone hits the human zombie.
Throwing (i - inventory):
n - 4 stones (quivered)
Press: ? - help, Shift-Dir - straight line, f/p - human zombie
Aim: a human zombie You throw a stone.
The stone hits the human zombie but does no damage.
You hit the human zombie.
The human zombie convulses.
The human zombie hits you!
You die...

.....## #.# #.# ......#
#.# #.# ###...# #.# #.#
####..### #.# #.#
........# #.# #.#
........# #.########.##
........# #...........#
........###############
.......>..Z..((Z@.....#
........############.##
................
........#######Z
........# ........#
.......Z# ........#
........#


You could see a worm zombie and a human zombie.

Vanquished Creatures
  A hound (D:4)
  An adder (D:4)
  An ooze (D:4)
  A giant gecko (D:1)
  An orc (D:3)
  A ball python (D:1)
  3 bats
  2 giant cockroaches (D:2)
  9 goblins
  2 hobgoblins
  3 giant newts (D:1)
  A kobold (D:2)
  2 rats (D:1)
28 creatures vanquished.

Notes
Turn   | Place    | Note
--------------------------------------------------------------
     0 | D:1      | Kolbur the Kobold Assassin began the quest for the Orb.
     0 | D:1      | Reached XP level 1. HP: 12/12 MP: 1/1
    99 | D:1      | Reached XP level 2. HP: 14/17 MP: 2/2
   230 | D:2      | Noticed Terence
   287 | D:2      | Reached skill level 6 in Stealth
   287 | D:2      | Reached XP level 3. HP: 21/21 MP: 3/3
   651 | D:4      | Reached skill level 7 in Stealth
   651 | D:4      | Reached XP level 4. HP: 18/26 MP: 4/4
   671 | D:4      | Found a sand-covered staircase.
   717 | D:4      | Slain by a human zombie

Vault maps used:
D:1:      erik_arrival_blinker_ship
D:2:      first_bread, kennysheep_generic_room_11, uniq_terence
D:3:      led_sif_book, nicolae_tso_swordbearing_angel,
          overflow_temple_1_default, cheibrodos_ashenzari_chains
D:4:      nicolae_overflow_hidden_temple, enter_ossuary_3,
          minmay_misc_feat_four_crosses

Action                   |  1- 3 |  4- 6 || total
-------------------------+-------+-------++-------
Melee: Dagger            |    79 |       ||    79
       Short sword       |       |    17 ||    17
 Fire: Blowgun           |     2 |       ||     2
Throw: Stone             |       |     2 ||     2
 Stab: Sleeping          |    12 |       ||    12
  Eat: Chunk             |     3 |       ||     3

Vault maps used:
D:1:      erik_arrival_blinker_ship
D:2:      first_bread, kennysheep_generic_room_11, uniq_terence
D:3:      led_sif_book, nicolae_tso_swordbearing_angel,
          overflow_temple_1_default, cheibrodos_ashenzari_chains
D:4:      nicolae_overflow_hidden_temple, enter_ossuary_3,
          minmay_misc_feat_four_crosses

Table legend:
 A = Turns spent in this place as a percentage of turns spent in the entire game.
 B = Non-inter-level travel turns spent in this place as a percentage of non-inter-level travel turns spent in the entire game.
 C = Inter-level travel turns spent in this place as a percentage of turns spent in this place.
 D = Turns resting spent in this place as a percentage of non-inter-level travel turns spent in this place.
 E = Turns spent auto-exploring this place as a percentage of non-inter-level travel turns spent in this place.
 F = Non-inter-level travel turns spent in this place divided by the number of levels of this place that you've seen.
                   A       B       C       D       E      F
               +-------+-------+-------+-------+-------+----------------------
         Total | 100.0 | 100.0 |   0.0 |   0.0 |   0.0 | 160.0
       Dungeon | 100.0 | 100.0 |   0.0 |   0.0 |   0.0 | 160.0
               +-------+-------+-------+-------+-------+----------------------
